 Dungeon Crawl Stone Soup version 0.31.0-11-ge490571c62 (webtiles) character file.

Game seed: 1335055264900193475

7074 hikkokomori the Protected (level 11, -14/90 HPs)
             Began as a Formicid Fighter on Jan 31, 2024.
             Was a High Priest of Okawaru.
             Killed from afar by an oklob plant (22 damage)
             ... with a splash of acid
             ... on level 10 of the Dungeon.
             The game lasted 00:14:58 (8499 turns).

hikkokomori the Protected (Formicid Fighter)        Turns: 8499, Time: 00:15:00

Health: -14/90     AC:  6    Str: 26    XL:     11   Next: 30%
Magic:  10/14      EV: 10    Int: 11    God:    Okawaru [*****.]
Gold:   479        SH:  6    Dex: 17    Spells: 10/10 levels left

rFire   . . .        P - +8 hammer "Ode Gemy" {protect, ^Contam Str+3 Int+3}
rCold   . . .        c - +0 buckler
rNeg    . . .        s - +0 chain mail {rPois}
rPois   +            (helmet unavailable)
rElec   .            O - +0 cloak
rCorr   .            q - +1 pair of gloves
SInv    +            (no boots)
Will    ++...        f - amulet of Igesonn {Will+ Regen+ Dex+2 SInv} Stlth
                     l - ring of flight
HPRegen 1.15/turn    p - +4 ring of protection
MPRegen 0.14/turn

%: no passive effects
@: finesse-ful, corroded, under a protective aura, flying, studying Armour
A: permanent stasis, dig shafts and tunnels, antennae 3, four strong arms
a: Dig, Shaft Self, Renounce Religion, Heroism, Finesse, Duel


You were on level 10 of the Dungeon.
You worshipped Okawaru.
Okawaru was extremely pleased with you.
You visited 2 branches of the dungeon, and saw 11 of its levels.

You collected 599 gold pieces.
You spent 120 gold pieces at shops.

Inventory:

Hand Weapons
 a - a +0 war axe
 k - a +1 dagger of venom
 m - a +1 quarterstaff
 F - a +2 trident of draining
 L - a +5 great sword
 P - the +8 hammer "Ode Gemy" (weapon) {protect, ^Contam Str+3 Int+3}
   (You found it on level 7 of the Dungeon)

   Str+3:     It affects your strength (+3).
   Int+3:     It affects your intelligence (+3).
   ^Contam:   It causes magical contamination when unequipped.
 V - a +2 great sword of freezing
Missiles
 r - 10 atropa-tipped darts (quivered)
 X - a javelin
Armour
 c - a +0 buckler (worn)
 q - a +1 pair of gloves (worn)
 s - a +0 chain mail of poison resistance (worn)
 E - +0 acid dragon scales
 O - a +0 cloak (worn)
 W - a +2 scale mail of cold resistance
Jewellery
 f - the amulet of Igesonn (around neck) {Will+ Regen+ Dex+2 SInv}
   (You acquired it on level 4 of the Dungeon)

   [amulet of regeneration]

   Dex+2:     It affects your dexterity (+2).
   Will+:     It increases your willpower.
   SInv:      It lets you see invisible.
   Regen+:    It increases your rate of health regeneration.
 l - a ring of flight (left hand)
 p - a +4 ring of protection (right hand)
 I - an amulet of magic regeneration
 M - a ring of willpower
 Q - a +6 ring of dexterity
 R - a ring of fire
 U - a ring of wizardry
Wands
 b - a wand of polymorph (4)
 t - a wand of iceblast (8)
 G - a wand of quicksilver (4)
 S - a wand of flame (24)
 Y - a wand of mindburst (3)
Scrolls
 e - 3 scrolls of amnesia
 h - 2 scrolls of summoning {unknown}
 i - a scroll of enchant weapon
 n - 2 scrolls of fear {unknown}
 o - a scroll of silence
 w - 4 scrolls of identify
 x - 3 scrolls of blinking {unknown}
 y - a scroll of immolation {unknown}
 A - a scroll of vulnerability {unknown}
 H - a scroll of noise {unknown}
 K - 3 scrolls of enchant armour {unknown}
 N - a scroll of revelation {unknown}
 T - a scroll of fog
Potions
 d - 4 potions of might
 g - 4 potions of curing
 j - a potion of berserk rage
 u - 2 potions of degeneration {unknown}
 v - a potion of ambrosia {unknown}
 z - a potion of cancellation {unknown}
 B - a potion of enlightenment {unknown}
 C - a potion of attraction {unknown}
 D - 3 potions of magic {unknown}
 J - 2 potions of heal wounds {unknown}


   Skills:
 + Level 9.7 Fighting
 - Level 2.4(3.4) Axes
 + Level 3.5(4.0) Maces & Flails
 + Level 6.7 Throwing
 + Level 10.3 Armour
 + Level 3.1 Dodging
 - Level 5.1 Shields
 + Level 4.0 Invocations
 + Level 7.3 Evocations


You had 10 spell levels left.
You didn't know any spells.
Your spell library contained the following spells:

 Spells                   Type           Power      Damage    Failure   Level
 Sting                    Conj/Alch      0%         1d3       85%         1
 Hailstorm                Conj/Ice       0%         3d5       99%         3
 Stone Arrow              Conj/Erth      0%         3d7       99%         3
 Leda's Liquefaction      Alch/Erth      0%         N/A       100%        4
 Lee's Rapid Deconstruct  Erth           0%         3d4*      100%        5
 Bombard                  Conj/Erth      0%         9d1       100%        6
 Summon Forest            Summ/Tloc      Unusable   N/A       N/A         5

Dungeon Overview and Level Annotations

Branches:
Dungeon (10/15)            Temple (1/1) D:4
   Lair: D:8-11         Orc: D:9-12

Altars:
Ashenzari
Cheibriados
Dithmenos
Elyvilon
Fedhas
Gozag
Hepliaklqana
Kikubaaqudgha
Makhleb
Nemelex Xobeh
Okawaru
Qazlal
Ru
Sif Muna
Trog
Uskayaw
Vehumet
Wu Jian
Xom
Yredelemnul
Zin
The Shining One

Shops:
D:1 *   D:5 (   D:7 [   D:8 *

Annotations:
D:10 exclusions: oklob plant and oklob sapling


Innate Abilities, Weirdness & Mutations

You cannot be hasted, slowed, berserked, paralysed or teleported.
You can dig through walls and to a lower floor.
You have a pair of large antennae on your head. (SInv)
Your four strong arms can wield two-handed weapons with a shield.


Message History

You hit the oklob plant but do no damage.
The oklob plant is severely damaged.
You completely miss the oklob plant.
The oklob plant is severely damaged.
The oklob sapling spits acid at you. The splash of acid hits you.
The acid corrodes you!
You hit the oklob plant.
The oklob plant is severely damaged.
You hit the oklob plant but do no damage.
The oklob plant is severely damaged.
The oklob sapling spits acid at you. The splash of acid hits you!
The oklob plant spits acid at you. The splash of acid hits you!
You hit the oklob plant.
The oklob plant is severely damaged.
You hit the oklob plant but do no damage.
The oklob plant is severely damaged.
You hit the oklob plant but do no damage.
The oklob plant is severely damaged.
You hit the oklob plant.
The oklob plant is severely damaged.
You hit the oklob plant but do no damage.
The oklob plant is severely damaged.
The oklob plant spits acid at you. The splash of acid hits you!!
* * * LOW HITPOINT WARNING * * *
The acid corrodes you!
You hit the oklob plant.
The oklob plant is severely damaged.
You hit the oklob plant but do no damage.
The oklob plant is severely damaged.
You hit the oklob plant but do no damage.
The oklob plant is severely damaged.
The oklob sapling spits acid at you. The splash of acid hits you!!
* * * LOW HITPOINT WARNING * * *
The oklob plant spits acid at you. The splash of acid hits you!!
You die...

#.##≈≈......P#
#.♣≈≈≈....♣♣♣♣
####.♣≈♣♣♣♣♣♣.≈♣
.....♣P♣..♣≈~≈≈♣♣
.....♣♣! ♣≈~≈≈≈≈♣♣
.....♣♣♣.♣≈~≈≈P≈≈♣
##...♣ ~P♣≈≈~≈≈≈P♣♣
##..♣ ~≈~~~~≈~P≈♣
##.# ♣≈~≈≈≈≈P≈@!♣
#.# ♣♣♣~≈≈≈♣≈PP♣ #.#
♣≈♣♣~♣♣♣♣♣♣♣
##'#♣♣≈≈#'#≈≈♣♣.♣
##.††♣≈≈~.....♣^♣♣
##....≈≈≈~.....♣♣≈♣
#.....≈≈~~.......♣♣
.....P≈≈≈~.......♣♣#
.....≈≈≈♣...#.#..♣.#


You could see an oklob plant and an oklob sapling.

Vanquished Creatures
  A two-headed ogre (D:9)
  A deep elf pyromancer (D:7)
  A cyclops (D:8)
  An unseen horror (D:9)
  Jeremiah (D:6)
  A wyvern (D:10)
  3 yaks (D:10)
  A steam dragon (D:8)
  Edmund (D:6)
  An acid dragon (D:6)
  2 water moccasins
  Duvessa (D:6)
  2 orc warriors (D:9)
  2 sky beasts
  2 ice beasts
  3 black bears (D:7)
  An ogre (D:5)
  5 centaurs
  4 bullfrogs
  2 gnoll sergeants
  2 scorpions
  18 wights
  Dowan (D:6)
  3 killer bees (D:7)
  7 howler monkeys
  A bombardier beetle (D:5)
  Crazy Yiuf (D:7)
  4 hounds
  2 orc priests
  2 iguanas
  7 orc wizards
  2 sleepcaps (D:7)
  3 gnolls (D:7)
  8 adders
  2 shadow imps
  2 white imps
  2 ufetubi (D:4)
  5 ribbon worms
  3 dart slugs
  23 orcs
  4 endoplasms
  3 giant cockroaches
  7 goblins
  5 hobgoblins
  3 jackals (D:2)
  4 kobolds
  3 quokkas
  13 ball pythons
  2 bats
  A frilled lizard (D:2)
  5 rats
184 creatures vanquished.

Notes
Turn   | Place    | Note
-------+----------+-------------------------------------------
     0 | D:1      | hikkokomori the Formicid Fighter began the quest for the
                  | Orb.
     0 | D:1      | Reached XP level 1. HP: 18/18 MP: 1/1
     2 | D:1      | Noticed a minotaur
     2 | D:1      | Noticed an armataur
     5 | D:1      | Noticed a djinni
     5 | D:1      | Noticed a draconian
     7 | D:1      | Noticed a gargoyle
     7 | D:1      | Noticed a vampire
     9 | D:1      | Noticed a felid
     9 | D:1      | Noticed a naga
    11 | D:1      | Noticed a demigod
    13 | D:1      | Noticed a spriggan
    13 | D:1      | Noticed a troll
    15 | D:1      | Noticed a barachi
    17 | D:1      | Noticed a formicid
    19 | D:1      | Noticed a merfolk
    19 | D:1      | Noticed an oni
    21 | D:1      | Noticed a vine stalker
    21 | D:1      | Noticed an elf
    23 | D:1      | Noticed a tengu
    23 | D:1      | Noticed a demonspawn
    25 | D:1      | Noticed a ghoul
    25 | D:1      | Noticed a human
    27 | D:1      | Noticed an octopode
    54 | D:1      | Reached XP level 2. HP: 24/24 MP: 2/2
   113 | D:1      | Found Roeshroyn's Assorted Antiques.
   372 | D:1      | Found a faded altar of an unknown god.
   768 | D:2      | Reached XP level 3. HP: 29/29 MP: 3/3
  1368 | D:2      | Reached XP level 4. HP: 37/37 MP: 4/4
  2176 | D:3      | Reached skill level 4 in Armour
  2599 | D:4      | Reached skill level 5 in Shields
  2599 | D:4      | Reached XP level 5. HP: 43/43 MP: 5/5
  2603 | D:4      | Identified a scroll of acquirement
  2603 | D:4      | Acquired the amulet of Igesonn {Will+ Regen+ Dex+2 SInv}
  2705 | D:4      | Found a staircase to the Ecumenical Temple.
  2741 | Temple   | Entered the Ecumenical Temple
  2780 | Temple   | Became a worshipper of Warmaster Okawaru
  3160 | D:4      | Found a sparkling altar of Nemelex Xobeh.
  3406 | D:5      | Entered Level 5 of the Dungeon
  3445 | D:5      | Noticed an ogre
  3452 | D:5      | Killed an ogre
  3453 | D:5      | Reached skill level 5 in Fighting
  3453 | D:5      | Reached skill level 5 in Armour
  3453 | D:5      | Reached XP level 6. HP: 47/51 MP: 6/6
  3574 | D:5      | Reached XP level 7. HP: 36/57 MP: 7/7
  3579 | D:5      | Reached * piety under Okawaru
  3634 | D:5      | Reached skill level 6 in Armour
  3850 | D:5      | Found Qabaecen's Weapon Boutique.
  3945 | D:5      | Reached skill level 1 in Invocations
  3972 | D:5      | Reached skill level 1 in Evocations
  3973 | D:5      | Reached skill level 1 in Throwing
  4235 | D:6      | Noticed Edmund
  4249 | D:6      | Killed Edmund
  4250 | D:6      | Reached XP level 8. HP: 39/65 MP: 9/9
  4277 | D:6      | Found a shimmering blue altar of Sif Muna.
  4297 | D:6      | Reached ** piety under Okawaru
  4666 | D:6      | Noticed Duvessa
  4668 | D:6      | Noticed Dowan
  4679 | D:6      | Killed Duvessa
  4685 | D:6      | Killed Dowan
  4787 | D:6      | Noticed Jeremiah
  4922 | D:6      | Killed Jeremiah
  4922 | D:6      | Reached *** piety under Okawaru
  4923 | D:6      | Reached skill level 7 in Armour
  4923 | D:6      | Reached XP level 9. HP: 31/66 MP: 9/11
  5048 | D:6      | Found a radiant altar of Vehumet.
  5151 | D:7      | Found Qoaf's Antique Armour Shoppe.
  5327 | D:7      | Reached skill level 8 in Armour
  5472 | D:7      | Found a runed translucent door.
  5473 | D:7      | Noticed Crazy Yiuf
  5697 | D:7      | Reached skill level 5 in Evocations
  5882 | D:7      | Reached skill level 5 in Throwing
  5882 | D:7      | Reached XP level 10. HP: 71/81 MP: 12/12
  6012 | D:7      | Noticed a deep elf pyromancer
  6022 | D:7      | Killed a deep elf pyromancer
  6022 | D:7      | Reached **** piety under Okawaru
  6121 | D:7      | Killed Crazy Yiuf
  6127 | D:7      | Identified the +8 hammer "Ode Gemy" {protect, ^Contam Str+3
                  | Int+3}
  6181 | D:8      | Found a blossoming altar of Fedhas.
  6326 | D:8      | Noticed a cyclops
  6331 | D:8      | Reached skill level 1 in Maces & Flails
  6331 | D:8      | Reached skill level 1 in Dodging
  6339 | D:8      | Killed a cyclops
  6340 | D:8      | Reached skill level 9 in Armour
  6562 | D:8      | Found an ornate altar of the Wu Jian Council.
  6566 | D:8      | Found a glowing silver altar of Zin.
  6566 | D:8      | Found a sacrificial altar of Ru.
  6573 | D:8      | Found a hide-covered altar of Uskayaw.
  6604 | D:8      | Reached ***** piety under Okawaru
  6620 | D:8      | Found Rosas Mogo's General Store.
  6628 | D:8      | Bought 2 potions of curing for 72 gold pieces
  6628 | D:8      | Bought a scroll of fog for 48 gold pieces
  6777 | D:9      | Noticed a two-headed ogre
  6786 | D:9      | Killed a two-headed ogre
  6847 | D:9      | Reached XP level 11. HP: 76/89 MP: 13/13
  7346 | D:9      | Found a burning altar of Makhleb.
  7407 | D:9      | Found a shadowy altar of Dithmenos.
  7824 | D:9      | Found a snail-covered altar of Cheibriados.
  7843 | D:10     | Entered Level 10 of the Dungeon
  7854 | D:10     | Reached skill level 10 in Armour
  8087 | D:10     | Got the Grimoire of Nature
  8145 | D:10     | Received a gift from Okawaru
  8460 | D:10     | Noticed an oklob plant
  8499 | D:10     | Killed from afar by an oklob plant

Illustrated notes

Levels and vault maps discovered:
D:1:      kb_arrival_jail, layout_loops_ring, serial_shops, shop,
          ebering_ecumenical_altar_hall, roderic_serpentine_path,
          solitary_fountain
D:2:      layout_loops_ring, eino_curves_02
D:3:      layout_loops_corners, fountainhead
D:4:      layout_loops_ring, nemelex_diamond_rough_becter,
          minmay_temple_entry_water_ring
D:5:      layout_basic, serial_shops, shop
D:6:      layout_basic, mainiacjoe_overflow_big_doors, minivault_14,
          uniq_duvessa, uniq_edmund, uniq_jeremiah
D:7:      layout_basic, serial_shops, shop,
          serial_library_hellmonk_recessed_alcove, guppyfry_early_elven_hall,
          uniq_crazy_yiuf_cottage
D:8:      layout_rooms, nicolae_overflow_hallway_of_the_gods, serial_shops,
          shop, minmay_manual_monstrance
D:9:      layout_layer_cave, grunt_dithmenos_smoke, bloody_makhleb,
          general_overflow_altar
D:10:     layout_loops_corners, introduction_to_nature_2
Temple:   hellmonk_temple_of_storms

Skill      XL: |  1  2  3  4  5  6  7  8  9 10 11 |
---------------+----------------------------------+-----
Fighting       | 4 5 6 7 8 9 |  9.7
Armour         | 4 5 6 7 8 9 10 | 10.3
Shields        | 5 |  5.1
Invocations    | 1 3 4 |  4.0
Evocations     | 1 3 5 6 7 |  7.3
Throwing       | 1 3 5 6 |  6.7
Maces & Flails | 2 3 |  3.5
Dodging        | 2 3 |  3.1
Axes           | |  2.4

Action                     |  1- 3 |  4- 6 |  7- 9 | 10-12 || total
---------------------------+-------+-------+-------+-------++-------
  Melee: War axe           |    55 |       |       |       ||    55
         Quarterstaff      |    29 |   135 |   368 |     5 ||   537
         Mace              |       |       |       |   261 ||   261
         Great sword       |       |       |       |    15 ||    15
  Throw: Dart              |       |     1 |     1 |       ||     2
 Invoke: Heroism           |       |       |     6 |     5 ||    11
         Finesse           |       |       |       |     1 ||     1
Ability: Dig               |     1 |     1 |     2 |     1 ||     5
  Evoke: Wand              |       |       |     1 |       ||     1
    Use: Scroll            |       |     7 |       |       ||     7
         Potion            |       |       |     1 |       ||     1
   Stab: Distracted        |     1 |       |       |       ||     1
 Armour: Scale mail        |    56 |    20 |       |       ||    76
         Chain mail        |       |    94 |   345 |   243 ||   682
  Dodge: Dodged            |    37 |    58 |   165 |   139 ||   399
  Block: Buckler           |    21 |    36 |   131 |    96 ||   284
